 Dungeon Crawl Stone Soup version 0.20.1-1-g8b1a95d (webtiles) character file.

1137 thedude7 the Chopper (level 8, -5/69 HPs)
             Began as a Hill Orc Fighter on Nov 2, 2017.
             Slain by an orc warrior
             ... wielding a +0 halberd
              (12 damage)
             ... on level 6 of the Dungeon on Nov 5, 2017.
             The game lasted 00:38:12 (4422 turns).

thedude7 the Chopper (Hill Orc Fighter)             Turns: 4422, Time: 00:38:13

Health: -5/69      AC:  8    Str: 21    XL:     8   Next: 36%
Magic:  8/8        EV:  8    Int:  8    God:
Gold:   195        SH: 10    Dex: 10    Spells: 7/7 levels left

rFire    . . .     SeeInvis .   a - +0 war axe
rCold    . . .     Gourm    .   c - +0 shield
rNeg     . . .     Faith    .   s - +0 scale mail (curse)
rPois    .         Spirit   .   k - +0 helmet
rElec    .         Reflect  .   (no cloak)
rCorr    .         Harm     .   (no gloves)
MR       .....                  (no boots)
Stlth    ..........             (no amulet)
Regen    0.3/turn               (no ring)
MPRegen  0.2/turn               (no ring)

@: no status effects
A: no striking features
a: no special abilities


You were on level 6 of the Dungeon.
You were not hungry.

You visited 1 branch of the dungeon, and saw 6 of its levels.

You collected 195 gold pieces.

Inventory:

Hand Weapons
 a - a +0 war axe (weapon)
 l - a +0 dagger
 p - a +0 war axe
 w - a +0 shortbow
 A - a +3 short sword
 F - a +0 flail
Missiles
 i - 5 sling bullets (quivered)
 j - 79 stones
 t - 81 bolts
 v - 12 poisoned needles
 B - 59 arrows
 E - 8 curare-tipped needles
Armour
 b - a +0 scale mail
 c - a +0 shield (worn)
 k - a +0 helmet (worn)
 s - a cursed +0 scale mail (worn)
 x - a +0 leather armour
 y - a +0 chain mail
 C - a cursed +0 robe
Jewellery
 h - an uncursed amulet of faith
 n - an uncursed ring of fire
 o - an uncursed ring of flight
Scrolls
 q - 2 scrolls of teleportation
 r - 2 scrolls of fog
 z - a scroll of amnesia {unknown}
 D - a scroll of recharging
Potions
 d - a potion of brilliance
 u - a potion of invisibility
Comestibles
 f - 2 bread rations
 g - a meat ration
 m - 2 royal jellies


   Skills:
 + Level 5.4 Fighting
 + Level 7.8 Axes
 + Level 0.5 Throwing
 + Level 5.8 Armour
 + Level 2.1 Dodging
 + Level 1.0 Stealth
 + Level 5.6 Shields


You had 7 spell levels left.
You didn't know any spells.

Dungeon Overview and Level Annotations

Branches:
Dungeon (6/15)             Temple (0/1) D:6

Altars:
Okawaru
Qazlal

Shops:
D:5 }


Message History

You block the orc warrior's attack.
You hit the orc warrior but do no damage.
The orc warrior is lightly wounded.
The orc warrior hits you with a halberd.
* * * LOW HITPOINT WARNING * * *
You closely miss the orc warrior.
The orc warrior is lightly wounded.
The orc warrior hits you with a halberd.
* * * LOW HITPOINT WARNING * * *
You slash the orc warrior!
The orc warrior is almost dead.
The orc warrior barely misses you.
You hit the orc warrior but do no damage.
The orc warrior is almost dead.
The orc warrior hits you with a halberd!
* * * LOW HITPOINT WARNING * * *
You closely miss the orc warrior.
The orc warrior is almost dead.
The orc warrior hits you with a halberd!
You die...

.># #.# #.# ##.## ...
#######.#######
...............
##########.##########
#........)@o.........
#.########)##########
#.# #... #.# #.....
#.# #....... #.#
#....... #.# #.......
#.# #.......
####.#####


You could see an orc warrior.

Vanquished Creatures
  A sky beast (D:6)
  2 phantoms
  An ogre (D:6)
  2 centaurs (D:6)
  A bullfrog (D:6)
  A scorpion (D:4)
  A bullfrog zombie (D:6)
  A centaur skeleton (D:4)
  2 hounds (D:4)
  A jelly (D:5)
  2 orc wizards (D:5)
  Jessica (D:2)
  2 iguanas
  Natasha (twice) (D:2)
  2 worker ants (D:6)
  5 adders
  An ooze (D:2)
  A worm (D:6)
  An adder skeleton (D:6)
  3 dart slugs
  5 leopard geckos
  5 orcs
  4 giant cockroaches
  6 goblins
  3 hobgoblins
  9 jackals
  2 quokkas
  2 ball pythons
  4 bats
  7 frilled lizards
  A jackal skeleton (D:4)
  2 kobolds (D:1)
  A leopard gecko skeleton (D:6)
  7 rats
91 creatures vanquished.

Notes
Turn   | Place    | Note
-------+----------+-------------------------------------------
     0 | D:1      | thedude7 the Hill Orc Fighter began the quest for the Orb.
     0 | D:1      | Reached XP level 1. HP: 19/19 MP: 1/1
   173 | D:1      | Reached XP level 2. HP: 19/27 MP: 2/2
   212 | D:1      | Reached skill level 3 in Axes
   436 | D:1      | Reached XP level 3. HP: 33/33 MP: 3/3
  1001 | D:2      | Noticed Natasha
  1011 | D:2      | Killed Natasha
  1011 | D:2      | Reached XP level 4. HP: 15/40 MP: 4/4
  1218 | D:2      | Reached skill level 4 in Axes
  1397 | D:2      | Noticed Jessica
  1403 | D:2      | Killed Jessica
  1450 | D:2      | Noticed Natasha
  1456 | D:2      | Killed Natasha
  1456 | D:2      | Reached XP level 5. HP: 27/46 MP: 5/5
  1627 | D:3      | Found a stormy altar of Qazlal.
  1652 | D:3      | Reached skill level 5 in Axes
  2238 | D:4      | Reached skill level 1 in Dodging
  2238 | D:4      | Reached XP level 6. HP: 39/52 MP: 6/6
  2778 | D:5      | Entered Level 5 of the Dungeon
  2885 | D:5      | Found Zocie's Gadget Shop.
  2941 | D:5      | Reached skill level 6 in Axes
  2941 | D:5      | Reached skill level 5 in Shields
  3102 | D:5      | Reached XP level 7. HP: 60/60 MP: 7/7
  3704 | D:6      | Reached skill level 5 in Fighting
  3707 | D:6      | Reached skill level 7 in Axes
  3802 | D:6      | Found a staircase to the Ecumenical Temple.
  3820 | D:6      | Reached skill level 1 in Stealth
  3921 | D:6      | Reached skill level 5 in Armour
  3921 | D:6      | Reached XP level 8. HP: 46/68 MP: 8/8
  4035 | D:6      | Found an iron altar of Okawaru.
  4422 | D:6      | Slain by an orc warrior

Skill      XL: |  1  2  3  4  5  6  7  8 |
---------------+-------------------------+-----
Axes           | 3 4 5 6 7 |  7.8
Fighting       | 4 5 |  5.4
Armour         | 4 5 |  5.8
Shields        | 4 5 |  5.6
Dodging        | 1 2 |  2.1
Stealth        | 1 |  1.0
Throwing       | |  0.5

Action                   |  1- 3 |  4- 6 |  7- 9 || total
-------------------------+-------+-------+-------++-------
Melee: War axe           |    93 |   138 |   114 ||   345
       Unarmed           |       |     1 |       ||     1
Throw: Stone             |       |       |    12 ||    12
  Use: Potion            |     1 |     1 |     1 ||     3
       Scroll            |       |     4 |     7 ||    11
  Eat: Meat ration       |       |     1 |     1 ||     2
       Bread ration      |       |     1 |       ||     1
Armor: Scale mail        |    35 |    72 |    32 ||   139
Dodge: Dodged            |    35 |    52 |    41 ||   128
Block: Shield            |    48 |    88 |    51 ||   187
